 Dungeon Crawl Stone Soup version 0.16.2-12-gd0ad4c3 (webtiles) character file.

11080 Charly the Severer (level 11, -19/103 HPs)
             Began as a Deep Dwarf Gladiator on Oct 27, 2016.
             Was an Elder of Makhleb.
             Killed from afar by a rakshasa (27 damage)
             ... with an orb of energy
             ... on level 14 of the Dungeon.
             The game lasted 01:14:30 (3011 turns).

Charly the Severer (Deep Dwarf Gladiator)           Turns: 3011, Time: 01:14:31

Health: -19/103    AC: 10    Str: 26      XL:     11   Next: 44%
Magic:  11/11      EV: 10    Int:  7 (8)  God:    Makhleb [****..]
Gold:   690        SH:  0    Dex: 13      Spells: 0 memorised, 10 levels left

rFire  . . .     SeeInvis .     x - +1 war axe (freeze)
rCold  . . .     Clarity  .     y - +0 chain mail (curse)
rNeg   . . .     SustAb   .     (no shield)
rPois  .         Gourm    .     c - +0 helmet
rElec  .         Spirit   .     (no cloak)
rCorr  .         Warding  .     (no gloves)
rMut   +         Stasis   .     (no boots)
MR     +....                    n - amulet of resist mutation
Stlth  ..........               h - +3 ring of strength
                                g - ring of wizardry

@: very slightly contaminated, non-regenerating, somewhat resistant to hostile
enchantments, extremely unstealthy
A: damage resistance, recharge devices, sense surroundings 2, slow healing 3
a: Device Recharging, Minor Destruction, Lesser Servant of Makhleb, Major
Destruction, Renounce Religion


You were on level 14 of the Dungeon.
You worshipped Makhleb.
Makhleb was greatly pleased with you.
You were very hungry.

You visited 3 branches of the dungeon, and saw 20 of its levels.
You also visited: Bailey, Ice Cave and Volcano.

You collected 732 gold pieces.

Inventory:

Hand weapons
 a - a cursed +0 battleaxe
 b - a +0 blowgun
 w - a +0 hand axe of flaming
 x - a +1 war axe of freezing (weapon)
 C - the +6 trident "Quacvach" {pierce, rF+, unknown}
   (You found it on level 14 of the Dungeon)

   It inflicts extra damage upon your enemies.
   It protects you from fire.
Missiles
 d - 5 poisoned javelins (quivered)
Armour
 c - a +0 helmet (worn)
 i - a +2 chain mail of fire resistance
 j - a cursed +3 ring mail of positive energy
 m - the +4 scale mail of Ennui {MP+9, unknown}
   (You found it on level 14 of the Dungeon)

   It affects your magic capacity (+9).
 y - a cursed +0 chain mail (worn)
Jewellery
 g - a ring of wizardry (left hand)
 h - a +3 ring of strength (right hand)
 n - an amulet of resist mutation (around neck)
Magical devices
 e - a wand of heal wounds (1)
 u - a wand of cold (0)
 v - a wand of flame (20)
 B - a wand of digging (9)
 D - a wand of random effects (32)
Scrolls
 r - 2 scrolls of magic mapping
Potions
 k - 2 potions of might
 l - 2 potions of agility {unknown}
 o - 2 potions of berserk rage {unknown}
 p - 3 potions of curing
 q - a potion of beneficial mutation {unknown}
 z - a potion of brilliance {unknown}
 A - a potion of haste {unknown}
Books
 t - a book of the Sky

   Spells                             Type                      Level
   a - Flight                         Charms/Air                   3
   b - Airstrike                      Air                          4
   c - Silence                        Hexes/Air                    5
   d - Deflect Missiles               Charms/Air                   6
   e - Conjure Ball Lightning         Conjuration/Air              6
   f - Tornado                        Air                          9
Comestibles
 f - 4 bread rations


   Skills:
 + Level 8.1 Fighting
 * Level 15.3 Axes
 - Level 1.7 Throwing
 + Level 4.2 Armour
 + Level 4.2 Dodging
 - Level 3.0 Invocations
 - Level 6.0 Evocations


You had 10 spell levels left.
You didn't know any spells.

Dungeon Overview and Level Annotations

Branches:
Dungeon (15/15)            Temple (1/1) D:5             Orc (4/4) D:11
   Lair: D:8-11         Elf: Orc:3-4     Vaults: D:13-14     Depths: D:15

Altars:
Fedhas
Gozag
Makhleb
Nemelex Xobeh
Okawaru
Qazlal
Sif Muna
Trog

Shops:
D:12 !

Annotations:
D:10 Josephine; pedritolo's ghost, experienced SpEn
D:12 pedritolo's ghost, experienced SpEn
D:13 3 exclusions
D:14 1 exclusion


Innate Abilities, Weirdness & Mutations

You are resistant to damage.
You can recharge devices by infusing magical energy.
You passively map the area around you.
You do not heal naturally.


Message History

Unknown command.
The catoblepas breathes a plume of calcifying dust at you.
The blast of calcifying dust hits you!
* * * LOW HITPOINT WARNING * * *
The rakshasa gestures at you. The orb of energy hits you!
* * * LOW HITPOINT WARNING * * *
The orb of energy explodes!
You hear a shout! x2
Unknown command.
The fire drake breathes flames at you. The blast of flame hits you!
* * * LOW HITPOINT WARNING * * *
Unknown command.
Unknown command.
The four-headed hydra is engulfed in calcifying dust.
The four-headed hydra is moving more slowly.
The rakshasa gestures at you. The orb of energy hits you!
You die...

#.....#..l.#....#,,
#.....+..†.#....#, ,
#.....#.k..'....+
,,,
#.....#..§.#§..)#, ,
,
#.....#..§Y##+####*+
#.....#.§D.........,
* #.....+.§.....R...
* , ...#.§.........
,, #§.@.......O,,, *
* #....#+##... + ,,*
,.......#, ., , *
,,.........#, , , ,
.........# *, , *, ,
, ........+ ,* , ,
.......# , * * *
#.....#* , * , , ...
, ,, ,


You could see a catoblepas, a four-headed hydra (petrifying), a rakshasa, a fire
drake and an ogre.

Vanquished Creatures
  A hill giant (D:12)
  An orc knight (Orc:3)
  An ugly thing (D:13)
  A toenail golem (Volcano)
  A cyclops (D:14)
  A komodo dragon (D:13)
  2 fire drakes (D:14)
  A basilisk (D:14)
  A yak (D:9)
  2 deep elf magi
  A spriggan (shapeshifter) (D:14)
  3 wraiths (D:10)
  3 wyverns
  5 hippogriffs
  2 vampire mosquitoes (D:13)
  A neqoxec (D:13)
  2 hungry ghosts
  2 soldier ants
  11 orc warriors
  A phantom (D:11)
  A black bear (D:12)
  An ice beast (D:10)
  A water moccasin (D:8)
  A sky beast (D:10)
  A necrophage (D:9)
  6 ogres
  5 giant frogs
  Blork the orc (D:7)
  2 scorpions
  3 wights (D:8)
  A water moccasin skeleton (D:11)
  A goliath beetle (D:10)
  A crimson imp (D:10)
  8 orc priests
  3 lava snakes (Volcano)
  A giant frog zombie (D:9)
  A hound (D:14)
  A jelly (D:7)
  2 centaur skeletons
  A giant frog skeleton (D:13)
  7 orc wizards
  4 worker ants
  A hound zombie (D:10)
  3 gnolls (D:3)
  2 mummies
  2 adders
  12 white imps (D:14)
  An ufetubus (D:14)
  3 giant geckos
  An ooze (D:4)
  60 orcs
  A ball python (D:2)
  4 bats
  2 giant cockroaches
  13 goblins
  4 hobgoblins
  2 kobolds
  A giant newt (D:3)
  An orc zombie (Orc:3)
  5 rats
214 creatures vanquished.

Vanquished Creatures (collateral kills)
  A hell knight (Volcano)
  An orc sorcerer (Orc:3)
  The ghost of pedritolo the Jinx, an experienced SpEn of Dithmenos (D:14)
  A red devil (Volcano)
  A basilisk (D:14)
  3 yaks (D:9)
  A wyvern (D:14)
  A ynoxinul (D:14)
  A hell hound (Volcano)
  A killer bee (D:13)
  An orc wizard (Orc:3)
  An ufetubus (D:14)
  3 orcs (Orc:3)
  A goblin (Orc:3)
  A quokka (D:9)
  2 orc zombies (Orc:3)
21 creatures vanquished.

Vanquished Creatures (others)
  A toenail golem (Volcano)
  2 smoke demons (D:14)
  A vampire mosquito (D:13)
  2 neqoxecs
  2 centaurs (Orc:3)
  A hound (D:11)
  A crimson imp (D:14)
  A quasit (D:14)
  A white imp (D:14)
  2 orcs (Orc:3)
  A giant spore (D:11)
15 creatures vanquished.

Grand Total: 250 creatures vanquished

Notes
Turn   | Place    | Note
--------------------------------------------------------------
     0 | D:1      | Charly, the Deep Dwarf Gladiator, began the quest for the Orb.
     0 | D:1      | Reached XP level 1. HP: 19/19 MP: 1/1
    32 | D:2      | Reached skill level 4 in Axes
    32 | D:2      | Reached XP level 2. HP: 26/26 MP: 2/2
   174 | D:3      | Reached XP level 3. HP: 11/32 MP: 3/3
   179 | D:3      | Reached skill level 5 in Axes
   258 | D:4      | Reached XP level 4. HP: 32/39 MP: 4/4
   273 | D:4      | Noticed a scorpion
   278 | D:4      | Killed a scorpion
   278 | D:4      | Reached XP level 5. HP: 32/46 MP: 5/5
   280 | D:5      | Entered Level 5 of the Dungeon
   295 | D:5      | Found a staircase to the Ecumenical Temple.
   308 | D:5      | Reached skill level 6 in Axes
   315 | Temple   | Entered the Ecumenical Temple
   337 | Temple   | Became a worshipper of Makhleb the Destroyer
   479 | D:5      | Noticed an ogre
   494 | D:5      | Killed an ogre
   494 | D:5      | Reached XP level 6. HP: 41/56 MP: 6/6
   496 | D:5      | Noticed an ogre
   505 | D:5      | Killed an ogre
   505 | D:5      | Reached skill level 7 in Axes
   550 | D:7      | Noticed Blork the orc
   564 | D:7      | Killed Blork the orc
   611 | D:7      | Reached XP level 7. HP: 39/63 MP: 7/7
   642 | D:7      | Acquired Makhleb's first power
   650 | D:7      | Noticed a hungry ghost
   663 | D:7      | Reached skill level 8 in Axes
   670 | D:7      | Killed a hungry ghost
   749 | D:8      | Reached skill level 9 in Axes
   772 | D:8      | Reached XP level 8. HP: 32/73 MP: 8/8
   835 | D:9      | Reached skill level 10 in Axes
   836 | D:9      | Found a sparkling altar of Nemelex Xobeh.
   887 | D:9      | Got a dazzling quarterstaff
   888 | D:9      | Identified the cursed +2 quarterstaff of Circular Logic {freeze, rC+ MP+9 SInv} (You found it on level 9 of the Dungeon)
   972 | D:10     | Entered Level 10 of the Dungeon
  1040 | D:10     | Noticed a white ugly thing
  1101 | D:8      | Acquired Makhleb's second power
  1101 | D:8      | Reached skill level 11 in Axes
  1101 | D:8      | Reached skill level 1 in Evocations
  1121 | D:10     | Noticed pedritolo's ghost (experienced SpEn)
  1209 | D:9      | Gained mutation: You passively map the area around you. [level up]
  1209 | D:9      | Reached XP level 9. HP: 42/80 MP: 11/13
  1304 | D:10     | Reached skill level 5 in Fighting
  1312 | D:10     | Reached skill level 12 in Axes
  1316 | D:10     | Reached skill level 5 in Evocations
  1500 | D:11     | Acquired Makhleb's third power
  1506 | D:11     | Reached skill level 1 in Invocations
  1512 | D:11     | Found a staircase to the Orcish Mines.
  1536 | Orc:1    | Entered Level 1 of the Orcish Mines
  1612 | Orc:3    | Noticed an orc sorcerer
  1619 | Orc:3    | Killed an orc sorcerer
  1619 | Orc:3    | Reached skill level 13 in Axes
  1622 | Orc:3    | Acquired Makhleb's fourth power
  1679 | Orc:3    | Noticed an orc knight
  1682 | Orc:3    | Reached XP level 10. HP: 61/91 MP: 17/17
  1687 | Orc:3    | Killed an orc knight
  1687 | Orc:3    | Reached skill level 1 in Armour
  1706 | Orc:4    | Entered Level 4 of the Orcish Mines
  1710 | Orc:4    | 11/8
  1729 | Orc:4    | Found a dark tunnel.
  1734 | Volcano  | Entered a volcano
  1818 | Volcano  | Found a burning altar of Makhleb.
  1819 | Volcano  | Noticed a toenail golem
  1819 | Volcano  | Noticed a toenail golem
  1819 | Volcano  | Noticed a hell knight
  1823 | Volcano  | Killed a toenail golem
  1833 | Volcano  | Killed a hell knight
  1836 | Volcano  | Killed a toenail golem
  1859 | Volcano  | 12/9
  1870 | Volcano  | Found a radiant altar of Vehumet.
  2112 | D:11     | Noticed a centaur skeleton
  2123 | D:11     | Killed a centaur skeleton
  2123 | D:11     | Reached skill level 14 in Axes
  2165 | D:10     | Noticed Josephine
  2298 | D:12     | Noticed a hill giant
  2308 | D:12     | Killed a hill giant
  2311 | D:12     | Noticed pedritolo's ghost (experienced SpEn)
  2329 | D:12     | Found Saumeeng's Distillery.
  2457 | D:13     | Noticed a purple ugly thing
  2471 | D:13     | Killed a purple ugly thing
  2471 | D:13     | Reached XP level 11. HP: 79/100 MP: 14/14
  2549 | D:13     | Found a flagged portal.
  2555 | Bailey   | Entered a bailey
  2696 | D:13     | Noticed a white ugly thing
  2742 | D:14     | Reached skill level 15 in Axes
  2812 | D:14     | Got a jacinth-encrusted scale mail
  2869 | D:14     | Found a frozen archway.
  2890 | D:14     | Got a slimy trident
  2894 | IceCv    | Entered an ice cave
  2914 | D:14     | Noticed pedritolo's ghost (experienced SpEn)
  2918 | D:15     | Entered Level 15 of the Dungeon
  2930 | D:14     | Killed pedritolo's ghost
  2955 | D:14     | Noticed a six-headed hydra
  2960 | D:14     | Noticed a catoblepas
  2985 | D:14     | HP: 5/103 [fire drake/blast of flame (19)]
  3006 | D:14     | Noticed a rakshasa
  3011 | D:14     | Killed from afar by a rakshasa

Action                   |  1- 3 |  4- 6 |  7- 9 | 10-12 || total
-------------------------+-------+-------+-------+-------++-------
Melee: War axe           |    61 |    81 |   126 |   275 ||   543
       Battleaxe         |       |       |   142 |       ||   142
       Hand axe          |       |       |       |     5 ||     5
 Fire: Blowgun           |       |     3 |     7 |       ||    10
Throw: Throwing net      |     1 |     3 |       |       ||     4
Invok: Lesser Servant of |       |       |       |    10 ||    10
 Abil: Device Recharging |       |       |     2 |     7 ||     9
Evoke: Wand              |     2 |     3 |    14 |    28 ||    47
       Deck              |       |       |     8 |     2 ||    10
  Use: Scroll            |     4 |     1 |     7 |     6 ||    18
       Potion            |       |       |       |     2 ||     2
 Stab: Held in net/web   |       |     2 |       |       ||     2
       Invisible         |       |       |       |     3 ||     3
       Distracted        |       |       |       |     4 ||     4
       Petrifying        |       |       |       |     1 ||     1
  Eat: Fruit             |       |     3 |     3 |       ||     6
       Bread ration      |       |       |     1 |       ||     1
       Pizza             |       |       |     1 |       ||     1
       Chunk             |       |       |       |     2 ||     2
